MAA
ST. PETERSBURG UNIVERSE @ BELVEDERE PARK RAWHIDES
08/31/2017
 
TOP OF THE 1ST
St. Petersburg Universe batting - Pitching for Belvedere Park Rawhides : RHP Alex Sullivan
Pitching: RHP Alex Sullivan
Batting: RHB Marvin Collier 0-0: Ball
1-0: Swinging Strike
1-1: Fly out, F8 (Flyball, 8LD)
Batting: RHB Teddy Pelham 0-0: Foul Ball, location: 2F
0-1: Ball
1-1: Foul Ball, location: 2F
1-2: Ground out 1-3 (Groundball, 13S)
Batting: SHB Miguel Soto 0-0: Swinging Strike
0-1: Foul Ball, location: 2F
0-2: Ball
1-2: Strikes out swinging
Top of the 1st over - 0 run(s), 0 hit(s), 0 error(s), 0 left on base; St. Petersburg 0 - Belvedere Park 0
BOTTOM OF THE 1ST
Belvedere Park Rawhides batting - Pitching for St. Petersburg Universe : LHP Jesús Gonzáles
Pitching: LHP Jesús Gonzáles
Batting: RHB Billy Strauss 0-0: Called Strike
0-1: Ball
1-1: Ball
2-1: Foul Ball, location: 2F
2-2: Fly out, F9 (Flyball, 9M)
Batting: SHB Jared Robinson 0-0: Called Strike
0-1: Foul Ball, location: 2F
0-2: Ball
1-2: Ball
2-2: Ball
3-2: Foul Ball, location: 2F
3-2: Base on Balls
Batting: RHB Bob Dickerson 0-0: Ball
1-0: Fly out, F8 (Flyball, 8RD)
Runner from 1st tags up, SAFE at 2nd
Batting: LHB José Estrada 0-0: SINGLE (Groundball, 6MD)
Jared Robinson to third
Runner from 3rd tries for Home, SAFE, no throw or cutoff
Batting: SHB José Salazar 0-0: Ball
1-0: Swinging Strike
1-1: Called Strike
1-2: Strikes out swinging
Bottom of the 1st over - 1 run(s), 1 hit(s), 0 error(s), 1 left on base; St. Petersburg 0 - Belvedere Park 1
TOP OF THE 2ND
St. Petersburg Universe batting - Pitching for Belvedere Park Rawhides : RHP Alex Sullivan
Batting: RHB Carlos Santos 0-0: Called Strike
0-1: Foul Ball, location: 2F
0-2: Strikes out swinging
Batting: LHB Curtis Peters 0-0: Called Strike
0-1: Called Strike
0-2: Ball
1-2: Foul Ball, location: 2F
1-2: Strikes out swinging
Batting: LHB Michael Smith 0-0: Foul Ball, location: 2F
0-1: Called Strike
0-2: Ground out 6-3 (Groundball, 6S)
Top of the 2nd over - 0 run(s), 0 hit(s), 0 error(s), 0 left on base; St. Petersburg 0 - Belvedere Park 1
BOTTOM OF THE 2ND
Belvedere Park Rawhides batting - Pitching for St. Petersburg Universe : LHP Jesús Gonzáles
Batting: LHB Dennis O'Connor 0-0: Ball
1-0: Called Strike
1-1: Swinging Strike
1-2: Ball
2-2: SINGLE (Groundball, 34D)
Batting: SHB Jason Alexander 0-0: Swinging Strike
0-1: Ball
1-1: Called Strike
1-2: Foul Ball, location: 2F
1-2: Strikes out looking
Batting: RHB Jorge García 0-0: Called Strike
0-1: Swinging Strike
0-2: SINGLE (Groundball, 6M)
Dennis O'Connor to second
Dennis O'Connor to third
Batting: LHB Jerry Burnett 0-0: Called Strike
0-1: Swinging Strike
0-2: Strikes out swinging
Batting: RHB Billy Strauss 0-0: Ball
1-0: Foul Ball, location: 2F
1-1: Called Strike
1-2: Strikes out swinging
Bottom of the 2nd over - 0 run(s), 2 hit(s), 0 error(s), 2 left on base; St. Petersburg 0 - Belvedere Park 1
TOP OF THE 3RD
St. Petersburg Universe batting - Pitching for Belvedere Park Rawhides : RHP Alex Sullivan
Batting: RHB Júlio Santos 0-0: Ball
1-0: Ball
2-0: Ball
3-0: Base on Balls
Batting: RHB Pat Ings 0-0: Ball
1-0: Called Strike
1-1: Ball
2-1: Fly out, F8 (Flyball, 8LXD)
Batting: RHB Fernando Castro 0-0: Called Strike
0-1: SINGLE (Line Drive, 78S)
Júlio Santos to second
Batting: RHB Marvin Collier 0-0: Foul Ball, location: 2F
0-1: Swinging Strike
0-2: Ball
1-2: Foul Ball, location: 2F
1-2: Strikes out swinging
Batting: RHB Teddy Pelham 0-0: Ball
1-0: Ball
2-0: Ball
3-0: Called Strike
3-1: SINGLE (Groundball, 6D) (infield hit)
Júlio Santos to third
Fernando Castro to second
Batting: SHB Miguel Soto 0-0: Fly out, F7 (Flyball, 78S)
Top of the 3rd over - 0 run(s), 2 hit(s), 0 error(s), 3 left on base; St. Petersburg 0 - Belvedere Park 1
BOTTOM OF THE 3RD
Belvedere Park Rawhides batting - Pitching for St. Petersburg Universe : LHP Jesús Gonzáles
Batting: SHB Jared Robinson 0-0: Ball
1-0: Called Strike
1-1: Ball
2-1: Ball
3-1: DOUBLE (Line Drive, 3D)
Batting: RHB Bob Dickerson 0-0: Ball
1-0: Called Strike
1-1: Ball
2-1: Swinging Strike
2-2: Foul Ball, location: 2F
2-2: Ball
3-2: Ground out 6-3 (Groundball, 6)
Jared Robinson to third
Batting: LHB José Estrada 0-0: Called Strike
0-1: Ball
1-1: Called Strike
1-2: Foul Ball, location: 2F
1-2: Strikes out swinging
Batting: SHB José Salazar 0-0: Ball
1-0: Called Strike
1-1: Swinging Strike
1-2: Ball
2-2: Ball
3-2: Foul Ball, location: 2F
3-2: Base on Balls
Batting: LHB Dennis O'Connor 0-0: Called Strike
0-1: Ball
1-1: Foul Ball, location: 2F
1-2: Fly out, F7 (Flyball, 78M)
Bottom of the 3rd over - 0 run(s), 1 hit(s), 0 error(s), 2 left on base; St. Petersburg 0 - Belvedere Park 1
TOP OF THE 4TH
St. Petersburg Universe batting - Pitching for Belvedere Park Rawhides : RHP Alex Sullivan
Batting: RHB Carlos Santos 0-0: Ball
1-0: Foul Ball, location: 2F
1-1: Fly out, F9 (Flyball, 89S)
Batting: LHB Curtis Peters 0-0: Called Strike
0-1: Called Strike
0-2: Strikes out swinging
Batting: LHB Michael Smith 0-0: Ball
1-0: Called Strike
1-1: Ball
2-1: Foul Ball, location: 2F
2-2: Foul Ball, location: 2F
2-2: Ball
3-2: Foul Ball, location: 2F
3-2: Fly out, F8 (Flyball, 8LM)
Top of the 4th over - 0 run(s), 0 hit(s), 0 error(s), 0 left on base; St. Petersburg 0 - Belvedere Park 1
BOTTOM OF THE 4TH
Belvedere Park Rawhides batting - Pitching for St. Petersburg Universe : LHP Jesús Gonzáles
Batting: SHB Jason Alexander 0-0: Ball
1-0: Ground out 5-3 (Groundball, 5L)
Batting: RHB Jorge García 0-0: Ball
1-0: Ball
2-0: Ball
3-0: Called Strike
3-1: Reached on error, E5 (Groundball, 5)
Batting: LHB Jerry Burnett 0-0: DOUBLE (Line Drive, 89D)
Jorge García to third
Batting: RHB Billy Strauss 0-0: Ball
1-0: Fly out, F4 (Popup, 4M)
Batting: SHB Jared Robinson 0-0: Called Strike
0-1: Ball
1-1: Swinging Strike
1-2: Foul Ball, location: 2F
1-2: Strikes out swinging
Bottom of the 4th over - 0 run(s), 1 hit(s), 1 error(s), 2 left on base; St. Petersburg 0 - Belvedere Park 1
TOP OF THE 5TH
St. Petersburg Universe batting - Pitching for Belvedere Park Rawhides : RHP Alex Sullivan
Batting: RHB Júlio Santos 0-0: Ball
1-0: Swinging Strike
1-1: Ball
2-1: Called Strike
2-2: DOUBLE (Line Drive, 89M)
Batting: RHB Pat Ings 0-0: Ball
1-0: Fly out, F8 (Flyball, 8RS)
Batting: RHB Fernando Castro 0-0: Ball
1-0: Foul Ball, location: 2F
1-1: Ball
2-1: SINGLE (Groundball, 56)
Júlio Santos to third
Batting: RHB Marvin Collier 0-0: Fly out, F8 (Popup, 6MD)
Batting: RHB Teddy Pelham 0-0: Called Strike
0-1: Ball
1-1: Foul Ball, location: 2F
1-2: Ground out 5-3 (Groundball, 15S)
Top of the 5th over - 0 run(s), 2 hit(s), 0 error(s), 2 left on base; St. Petersburg 0 - Belvedere Park 1
BOTTOM OF THE 5TH
Belvedere Park Rawhides batting - Pitching for St. Petersburg Universe : LHP Jesús Gonzáles
Batting: RHB Bob Dickerson 0-0: Foul Ball, location: 2F
0-1: Fly out, F6 (Popup, 6)
Batting: LHB José Estrada 0-0: Called Strike
0-1: Ball
1-1: Foul Ball, location: 2F
1-2: Ball
2-2: Strikes out swinging
Batting: SHB José Salazar 0-0: Ball
1-0: Foul Ball, location: 2F
1-1: SINGLE (Flyball, 9S)
Batting: LHB Dennis O'Connor 0-0: Ball
1-0: Ball
2-0: Called Strike
2-1: Foul Ball, location: 2F
2-2: Foul Ball, location: 2F
2-2: Strikes out swinging wild pitch, reaches first!
José Salazar to second
Batting: SHB Jason Alexander 0-0: Foul Ball, location: 2F
0-1: Ball
1-1: SINGLE (Groundball, 13) (infield hit)
José Salazar to third
Dennis O'Connor to second
Batting: RHB Jorge García 0-0: Ball
1-0: Called Strike
1-1: Called Strike
1-2: Foul Ball, location: 2F
1-2: Strikes out swinging
Bottom of the 5th over - 0 run(s), 2 hit(s), 0 error(s), 3 left on base; St. Petersburg 0 - Belvedere Park 1
TOP OF THE 6TH
St. Petersburg Universe batting - Pitching for Belvedere Park Rawhides : RHP Alex Sullivan
Batting: SHB Miguel Soto 0-0: Foul Ball, location: 2F
0-1: Foul Ball, location: 2F
0-2: Ball
1-2: SOLO HOME RUN (Flyball, 9D), Distance : 360 ft
Batting: RHB Carlos Santos 0-0: Ball
1-0: Called Strike
1-1: Ball
2-1: Ground out 1-3 (Groundball, 13S)
Batting: LHB Curtis Peters 0-0: Swinging Strike
0-1: Ball
1-1: Ball
2-1: Called Strike
2-2: Strikes out looking
Batting: LHB Michael Smith 0-0: Foul Ball, location: 2F
0-1: Foul Ball, location: 2F
0-2: Ball
1-2: Strikes out swinging
Top of the 6th over - 1 run(s), 1 hit(s), 0 error(s), 0 left on base; St. Petersburg 1 - Belvedere Park 1
BOTTOM OF THE 6TH
Belvedere Park Rawhides batting - Pitching for St. Petersburg Universe : LHP Jesús Gonzáles
Batting: LHB Jerry Burnett 0-0: Foul Ball, location: 2F
0-1: Ball
1-1: Foul Ball, location: 2F
1-2: Ball
2-2: Ball
3-2: Base on Balls
Pitching: RHP Clarence Love
Batting: RHB Billy Strauss 0-0: Ball
1-0: Ball
2-0: Ball
3-0: Base on Balls
Jerry Burnett to second
Batting: SHB Jared Robinson 0-0: Ball
1-0: Foul Ball, location: 2F
1-1: Called Strike
1-2: Ground out 4-3 (Groundball, 4MD)
Jerry Burnett to third
Billy Strauss to second
Batting: RHB Bob Dickerson 0-0: Called Strike
0-1: Foul Ball, location: 2F
0-2: Fly out, F4 (Line Drive, 4)
Batting: LHB José Estrada 0-0: Ball
1-0: Called Strike
1-1: Foul Ball, location: 2F
1-2: Strikes out swinging
Bottom of the 6th over - 0 run(s), 0 hit(s), 0 error(s), 2 left on base; St. Petersburg 1 - Belvedere Park 1
TOP OF THE 7TH
St. Petersburg Universe batting - Pitching for Belvedere Park Rawhides : RHP Alex Sullivan
Batting: RHB Júlio Santos 0-0: Foul Ball, location: 2F
0-1: Ball
1-1: Ground out 6-3 (Groundball, 6M)
Pinch Hitting: RHB Travis Lee 0-0: Called Strike
0-1: SINGLE (Line Drive, 7S)
Pinch Hitting: SHB Frank Hood 0-0: Ball
1-0: Grounds into double play, 6-4-3 (Groundball, 6)
Top of the 7th over - 0 run(s), 1 hit(s), 0 error(s), 0 left on base; St. Petersburg 1 - Belvedere Park 1
BOTTOM OF THE 7TH
Belvedere Park Rawhides batting - Pitching for St. Petersburg Universe : RHP Clarence Love
Now at SS: Travis Lee
Now in CF: Frank Hood
Batting: SHB José Salazar 0-0: Ball
1-0: Called Strike
1-1: Ball
2-1: Foul Ball, location: 2F
2-2: Foul Ball, location: 2F
2-2: Foul Ball, location: 2F
2-2: Ball
3-2: Base on Balls
Batting: LHB Dennis O'Connor 0-0: Ball
1-0: Called Strike
1-1: Called Strike
1-2: Fielders Choice at 2nd, 4-6 (Groundball, 4)
Batting: SHB Jason Alexander 0-0: Called Strike
0-1: Ball
1-1: Called Strike
1-2: Ball
2-2: Ball
3-2: Strikes out looking
Pinch Hitting: LHB Willard Guy 0-0: Foul Ball, location: 2F
0-1: Called Strike
0-2: Foul Ball, location: 2F
0-2: Hit by Pitch
Dennis O'Connor to second
Batting: LHB Jerry Burnett 0-0: Foul Ball, location: 2F
0-1: Swinging Strike
0-2: Ball
1-2: Strikes out swinging
Bottom of the 7th over - 0 run(s), 0 hit(s), 0 error(s), 2 left on base; St. Petersburg 1 - Belvedere Park 1
TOP OF THE 8TH
St. Petersburg Universe batting - Pitching for Belvedere Park Rawhides : RHP Alex Sullivan
Now at 3B: Tim Glass
Batting: RHB Marvin Collier 0-0: Called Strike
0-1: Foul Ball, location: 2F
0-2: Ball
1-2: Foul Ball, location: 2F
1-2: Ball
2-2: Ball
3-2: Base on Balls
Batting: RHB Teddy Pelham 0-0: Called Strike
0-1: Ball
1-1: Foul Ball, location: 2F
1-2: Ball
2-2: Fly out, F6 (Popup, 6)
Pitching: RHP Javier Hernández
Batting: SHB Miguel Soto 0-0: Ball
1-0: Called Strike
1-1: Called Strike
1-2: Reached on Error, E7 (Flyball, 78M)
Marvin Collier to second
Batting: RHB Carlos Santos 0-0: Ball
1-0: Called Strike
1-1: Swinging Strike
1-2: Foul Ball, location: 2F
1-2: Ball
2-2: Foul Ball, location: 2F
2-2: Strikes out swinging
Batting: LHB Curtis Peters 0-0: Ground out 1-3 (Groundball, 15S)
Top of the 8th over - 0 run(s), 0 hit(s), 1 error(s), 2 left on base; St. Petersburg 1 - Belvedere Park 1
BOTTOM OF THE 8TH
Belvedere Park Rawhides batting - Pitching for St. Petersburg Universe : RHP Clarence Love
Pitching: RHP Luiz Fugas
Pinch Hitting: RHB Phil Hayes 0-0: Ball
1-0: SINGLE (Line Drive, 7LS)
Pinch Hitting: RHB Eddy Baxter 0-0: Called Strike
0-1: SINGLE (Line Drive, 4)
Phil Hayes to second
Batting: RHB Bob Dickerson 0-0: Called Strike
0-1: Called Strike
0-2: Ball
1-2: Strikes out swinging
Batting: LHB José Estrada 0-0: Ball
1-0: DOUBLE (Line Drive, 8LM)
Phil Hayes scores
Eddy Baxter to third
Batting: SHB José Salazar 0-0: Ball
1-0: Foul Ball, location: 2F
1-1: Ball
2-1: Foul Ball, location: 2F
2-2: Ball
3-2: Foul Ball, location: 2F
3-2: Base on Balls
Batting: LHB Dennis O'Connor 0-0: Ball
1-0: Ball
2-0: Called Strike
2-1: DOUBLE (Flyball, 7LS)
Eddy Baxter scores
José Estrada scores
José Salazar to third
Pitching: LHP Michael Petty
Batting: SHB Jason Alexander 0-0: Fly out, F9 (Flyball, 89M)
Runner from 3rd tags up, SCORES, no throw
Batting: RHB Tim Glass 0-0: Called Strike
0-1: Foul Ball, location: 2F
0-2: Strikes out swinging
Bottom of the 8th over - 4 run(s), 4 hit(s), 0 error(s), 1 left on base; St. Petersburg 1 - Belvedere Park 5
TOP OF THE 9TH
St. Petersburg Universe batting - Pitching for Belvedere Park Rawhides : RHP Javier Hernández
Pitching: RHP Jim Unknown
Now at 2B: José González
Now in CF: Jeffery Hartman
Batting: LHB Michael Smith 0-0: Ball
1-0: Ball
2-0: Called Strike
2-1: Fly out, F8 (Flyball, 8LM)
Batting: RHB Júlio Santos 0-0: Foul Ball, location: 2F
0-1: Ball
1-1: Ball
2-1: Called Strike
2-2: Ball
3-2: SINGLE (Groundball, 6M)
Batting: RHB Travis Lee 0-0: Ball
1-0: Called Strike
1-1: Ball
2-1: Ball
3-1: 2-RUN HOME RUN (Line Drive, 78XD), Distance : 430 ft
Pitching: RHP Paul Abbott
Batting: SHB Frank Hood 0-0: Called Strike
0-1: SINGLE (Groundball, 6MD)
Batting: RHB Marvin Collier 0-0: Ball
1-0: Called Strike
1-1: Ball
2-1: Foul Ball, location: 2F
2-2: DOUBLE (Flyball, 89D)
Frank Hood to third
Batting: RHB Teddy Pelham 0-0: Called Strike
0-1: Swinging Strike
0-2: Ball
1-2: Ball
2-2: SINGLE (Flyball, 9S)
Frank Hood scores
Marvin Collier to third
Runner from 3rd tries for Home, SAFE, no throw or cutoff
Pitching: LHP Steve Pérez
Batting: SHB Miguel Soto 0-0: Ball
1-0: Called Strike
1-1: Grounds into double play, 4-6-3 (Groundball, 4)
Top of the 9th over - 4 run(s), 5 hit(s), 0 error(s), 0 left on base; St. Petersburg 5 - Belvedere Park 5
BOTTOM OF THE 9TH
Belvedere Park Rawhides batting - Pitching for St. Petersburg Universe : LHP Michael Petty
Pitching: RHP David Tinker
Batting: LHB Jerry Burnett 0-0: Called Strike
0-1: Ball
1-1: Ball
2-1: Ground out 6-3 (Groundball, 6M)
Pinch Hitting: RHB Haqverdi Nizharadze 0-0: Ball
1-0: Foul Ball, location: 2F
1-1: Ball
2-1: Foul Ball, location: 2F
2-2: SINGLE (Line Drive, 8RS)
Batting: RHB Jeffery Hartman 0-0: Ball
1-0: Fly out, F7 (Line Drive, 78S)
Batting: RHB Bob Dickerson 0-0: Fly out, F6 (Popup, 6D)
Bottom of the 9th over - 0 run(s), 1 hit(s), 0 error(s), 1 left on base; St. Petersburg 5 - Belvedere Park 5
TOP OF THE 10TH
St. Petersburg Universe batting - Pitching for Belvedere Park Rawhides : LHP Steve Pérez
Now at 2B: Arnold Taylor
Batting: RHB Carlos Santos 0-0: Called Strike
0-1: SINGLE (Groundball, 34D)
Batting: LHB Curtis Peters 0-0: Ball
1-0: Foul Ball, location: 2F
1-1: Ball
2-1: Ball
3-1: Base on Balls
Carlos Santos to second
Pinch Hitting: RHB Vincent Parker 0-0: Hit by Pitch
Carlos Santos to third
Curtis Peters to second
Batting: RHB Júlio Santos 0-0: Ball
1-0: Foul Ball, location: 2F
1-1: Ball
2-1: Ball
3-1: Base on Balls
Carlos Santos scores
Curtis Peters to third
Vincent Parker to second
Batting: RHB Travis Lee 0-0: Fly out, F8 (Flyball, 8RS)
Batting: SHB Frank Hood 0-0: Ball
1-0: Foul Ball, location: 2F
1-1: Foul Ball, location: 2F
1-2: Strikes out swinging
Batting: RHB Marvin Collier 0-0: Ball
1-0: Called Strike
1-1: Foul Ball, location: 2F
1-2: SINGLE (Line Drive, 7LS)
Curtis Peters scores
Vincent Parker to third
Júlio Santos to second
Runner from 3rd tries for Home, SAFE, no throw or cutoff
Pitching: LHP Jonathon Baker
Batting: RHB Teddy Pelham 0-0: Swinging Strike
0-1: Called Strike
0-2: Ball
1-2: Ball
2-2: Reached on error, E5 (Groundball, 56)
Júlio Santos to third
Marvin Collier to second
Batting: SHB Miguel Soto 0-0: Called Strike
0-1: Ball
1-1: Ball
2-1: SINGLE (Groundball, 56D)
Júlio Santos scores
Marvin Collier to third
Teddy Pelham to second
Runner from 3rd tries for Home, SAFE, no throw or cutoff
Batting: RHB Carlos Santos 0-0: SINGLE (Line Drive, 89M)
Teddy Pelham to third
Miguel Soto to second
Runner from 3rd tries for Home, SAFE, no throw or cutoff
Batting: LHB Curtis Peters 0-0: Foul Ball, location: 2F
0-1: Swinging Strike
0-2: Ground out 4-3 (Groundball, 4)
Top of the 10th over - 6 run(s), 4 hit(s), 1 error(s), 2 left on base; St. Petersburg 11 - Belvedere Park 5
BOTTOM OF THE 10TH
Belvedere Park Rawhides batting - Pitching for St. Petersburg Universe : RHP David Tinker
Now at 3B: Sam Horton
Batting: LHB José Estrada 0-0: Foul Ball, location: 2F
0-1: Called Strike
0-2: Ball
1-2: Foul Ball, location: 2F
1-2: Strikes out swinging
Batting: SHB José Salazar 0-0: Ball
1-0: Called Strike
1-1: Ball
2-1: Swinging Strike
2-2: Foul Ball, location: 2F
2-2: Fly out, F8 (Flyball, 8RD)
Batting: LHB Dennis O'Connor 0-0: Ball
1-0: Ball
2-0: Ball
3-0: Called Strike
3-1: Called Strike
3-2: SOLO HOME RUN (Flyball, 78XD), Distance : 422 ft
Batting: SHB Jason Alexander 0-0: Called Strike
0-1: Ground out U3 (Groundball, 3)
Bottom of the 10th over - 1 run(s), 1 hit(s), 0 error(s), 0 left on base; St. Petersburg 11 - Belvedere Park 6
This league is powered by Out of the Park Baseball, the baseball management simulation game for PC, Mac and Linux
Saturday, February 27th, 2021 - OOTP Baseball 15.6 Build 34